 Dungeon Crawl Stone Soup version 0.21.1-1-g345015fe64 (webtiles) character file.

11233 baraka the Cleaver (level 11, 0/101 HPs)
             Began as a Minotaur Berserker on May 12, 2018.
             Was an Elder of Trog.
             Slain by a ten-headed hydra (1 damage)
             ... on level 12 of the Dungeon.
             The game lasted 00:44:02 (9280 turns).

baraka the Cleaver (Minotaur Berserker)             Turns: 9280, Time: 00:44:02

Health: 0/101      AC: 22    Str: 24    XL:     11   Next: 46%
Magic:  0/10       EV: 13    Int:  4    God:    Trog [****..]
Gold:   486        SH:  0    Dex: 14    Spells: 10/10 levels left

rFire    . . .     SeeInvis .   G - +4 battleaxe (curse)
rCold    . . .     Gourm    .   (shield currently unavailable)
rNeg     . . .     Faith    .   x - +8 chain mail of Eternity {+Blink MR+ Dex+3}
rPois    .         Spirit   +   (helmet restricted)
rElec    .         Reflect  .   y - +0 cloak
rCorr    .         Harm     .   v - +0 pair of gloves
MR       +....                  (no boots)
Stlth    ..........             g - amulet of guardian spirit
HPRegen  0.26/turn              (no ring)
MPRegen  0.12/turn              (no ring)

@: berserk cooldown, slowed, very slow
A: retaliatory headbutt, horns 2
a: Berserk, Trog's Hand, Brothers in Arms, Burn Spellbooks, Renounce Religion,
Evoke Blink


You were on level 12 of the Dungeon.
You worshipped Trog.
Trog was greatly pleased with you.
You were hungry.

You visited 1 branch of the dungeon, and saw 12 of its levels.

You collected 486 gold pieces.

Inventory:

Hand Weapons
 a - a +0 hand axe
 d - the cursed +0 hunting sling of Destiny {venom, rPois rF- Int+8, unknown}
   (You found it on level 4 of the Dungeon)

   It poisons the ammo it fires.
   It affects your intelligence (+8).
   It makes you vulnerable to fire.
   It protects you from poison.
   It has a curse placed upon it.
 B - a +0 vampiric hand axe
 G - a cursed +4 battleaxe (weapon)
Armour
 m - a +1 chain mail of cold resistance
 v - a +0 pair of gloves (worn)
 x - the +8 chain mail of Eternity (worn) {+Blink MR+ Dex+3}
   (You found it on level 5 of the Dungeon)

   It affects your dexterity (+3).
   It affects your resistance to hostile enchantments.
   It lets you blink.
 y - a +0 cloak (worn)
Jewellery
 g - an amulet of guardian spirit (around neck)
 k - a +1 ring of protection {unknown}
 n - a cursed -2 ring of dexterity {unknown}
 t - an uncursed ring of see invisible {unknown}
 z - a cursed ring of loudness {unknown}
 D - an uncursed ring of magical power {unknown}
 L - an uncursed ring of resist corrosion {unknown}
Wands
 I - a wand of disintegration (12)
Scrolls
 b - a scroll of remove curse {unknown}
 i - 3 scrolls of teleportation {unknown}
 j - a scroll of brand weapon {unknown}
 l - 5 scrolls of identify {unknown}
 o - a scroll of enchant weapon {unknown}
 q - 2 scrolls of amnesia {unknown}
 u - a scroll of fog {unknown}
 J - a scroll of noise {unknown}
Potions
 e - a potion of invisibility {unknown}
 f - 2 potions of brilliance {unknown}
 h - 2 potions of experience {unknown}
 r - 3 potions of mutation {unknown}
 s - a potion of lignification {unknown}
 A - a potion of haste {unknown}
 C - a potion of degeneration {unknown}
 E - 2 potions of curing {unknown}
 F - a potion of cancellation {unknown}
 K - a potion of resistance
Books
 p - a book of Fire

   Spells                             Type                      Level
   a - Ignite Poison                  Fire/Transmutation/Poison    3
   b - Fireball                       Conjuration/Fire             5
   c - Bolt of Fire                   Conjuration/Fire             6
   d - Ring of Flames                 Charms/Fire                  7
   e - Ignition                       Fire                         8
   Trog disapproves of the use of such an item.
Miscellaneous
 w - a crystal ball of energy
Comestibles
 c - 4 rations


   Skills:
 + Level 10.4 Fighting
 * Level 13.8 Axes
 + Level 10.1 Armour
 + Level 9.2 Dodging


You had 10 spell levels left.
You didn't know any spells.

Dungeon Overview and Level Annotations

Branches:
Dungeon (12/15)            Temple (0/1) D:6            Lair (0/6) D:10
    Orc: D:9-12

Altars:
Ashenzari
Fedhas
Nemelex Xobeh
Okawaru
Ru


Innate Abilities, Weirdness & Mutations

You reflexively headbutt those who attack you in melee.
You have a pair of horns on your head.


Message History

* * * LOW HITPOINT WARNING * * *
The ten-headed hydra bites you but does no damage.
The ten-headed hydra bites you!
* * * LOW HITPOINT WARNING * * *
The ten-headed hydra closely misses you.
The ten-headed hydra completely misses you.
The ten-headed hydra barely misses you. The ten-headed hydra bites you.
* * * LOW HITPOINT WARNING * * *
The ten-headed hydra bites you but does no damage.
The ten-headed hydra bites you!
* * * LOW HITPOINT WARNING * * *
The ten-headed hydra bites you.
* * * LOW HITPOINT WARNING * * *
The ten-headed hydra bites you.
* * * LOW HITPOINT WARNING * * *
The ten-headed hydra bites you!
* * * LOW HITPOINT WARNING * * *
The ten-headed hydra bites you but does no damage.
The ten-headed hydra bites you.
You die...

........# ...>....#
....... #+#..#..
#(#....#############
#..................#
#.......##########.#
#...D...# #.#
..#...†@..# #.#
......)(..# #.#
####..))).# #.#
#.....## #.# #.....#
#.# ....#### #.#
..... #######.#
...... #....>..#
...... #.#######


You could see a ten-headed hydra.

Vanquished Creatures
  Gastronok (D:9)
  The ghost of Ryomija the Fighter, a novice CeHu of Okawaru (D:8)
  A centaur warrior (D:9)
  A two-headed ogre (D:12)
  An ugly thing (D:11)
  The ghost of Dickchan the Ruffian, a novice DrTm (D:6)
  A manticore (D:10)
  A guardian serpent (D:11)
  A gargoyle (D:11)
  3 slime creatures (D:12)
  4 hippogriffs
  6 yaks
  2 hungry ghosts
  An acid dragon (D:10)
  The ghost of Tegun the Skirmisher, an amateur OgSk (D:3)
  An orc warrior (D:12)
  A sky beast (D:7)
  2 black bears
  An ice beast (D:8)
  An eye of draining (D:12)
  A phantom (D:8)
  2 centaurs
  2 crocodiles (D:10)
  A scorpion (D:6)
  6 killer bees (D:10)
  14 wights
  2 howler monkeys (D:8)
  3 crimson imps
  3 hounds
  4 orc priests
  3 jellies
  12 orc wizards
  A gnoll shaman (D:4)
  5 iguanas
  3 worker ants
  A killer bee zombie (D:6)
  A hound zombie (D:6)
  3 gnolls (D:4)
  14 adders
  4 shadow imps
  2 oozes
  An adder zombie (D:8)
  2 adder skeletons
  3 worms
  2 leopard geckos
  29 orcs
  2 giant cockroaches
  6 goblins
  7 hobgoblins
  15 jackals
  3 quokkas
  4 ball pythons
  6 bats
  5 frilled lizards
  8 kobolds
  A leopard gecko skeleton (D:4)
  A quokka skeleton (D:4)
  A rat (D:3)
215 creatures vanquished.

Vanquished Creatures (others)
  An orc (D:11)
  3 plants (D:8)
4 creatures vanquished.

Grand Total: 219 creatures vanquished

Notes
Turn   | Place    | Note
-------+----------+-------------------------------------------
     0 | D:1      | baraka the Minotaur Berserker began the quest for the Orb.
     0 | D:1      | Reached XP level 1. HP: 19/19 MP: 0/0
   415 | D:1      | Reached XP level 2. HP: 27/27 MP: 1/1
   433 | D:1      | Reached skill level 4 in Axes
   709 | D:2      | Reached XP level 3. HP: 33/33 MP: 2/2
  1248 | D:2      | Reached ** piety under Trog
  1248 | D:2      | Reached XP level 4. HP: 39/40 MP: 3/3
  2210 | D:3      | Reached skill level 5 in Axes
  2469 | D:3      | Found a sacrificial altar of Ru.
  2481 | D:3      | Noticed Tegun's ghost (amateur OgSk)
  2509 | D:3      | Killed Tegun's ghost
  2509 | D:3      | Reached XP level 5. HP: 47/47 MP: 4/4
  3285 | D:4      | Got a crude hunting sling
  3319 | D:4      | Reached XP level 6. HP: 48/55 MP: 5/5
  3323 | D:4      | Reached skill level 6 in Axes
  3343 | D:4      | Found a shattered altar of Ashenzari.
  3414 | D:4      | Reached skill level 5 in Fighting
  3858 | D:5      | Entered Level 5 of the Dungeon
  3902 | D:5      | Got an ancient chain mail
  3913 | D:5      | Identified the +8 chain mail of Eternity {+Blink MR+ Dex+3} (You found it on level 5 of the Dungeon)
  4010 | D:5      | Reached XP level 7. HP: 55/61 MP: 6/6
  4261 | D:6      | Reached *** piety under Trog
  4261 | D:6      | Reached skill level 7 in Axes
  4277 | D:6      | Noticed Dickchan's ghost (novice DrTm)
  4302 | D:6      | Killed Dickchan's ghost
  4302 | D:6      | Reached skill level 8 in Axes
  4302 | D:6      | Reached skill level 5 in Armour
  4302 | D:6      | Reached skill level 5 in Dodging
  4302 | D:6      | Reached XP level 8. HP: 56/70 MP: 7/7
  4737 | D:6      | Found a staircase to the Ecumenical Temple.
  4780 | D:6      | Found an iron altar of Okawaru.
  5550 | D:7      | Noticed a hippogriff
  5563 | D:7      | Killed a hippogriff
  5563 | D:7      | Reached skill level 9 in Axes
  5723 | D:8      | Reached XP level 9. HP: 79/79 MP: 8/8
  5822 | D:8      | Noticed Ryomija's ghost (novice CeHu)
  5833 | D:8      | Killed Ryomija's ghost
  5833 | D:8      | Reached skill level 10 in Axes
  5903 | D:8      | Received a gift from Trog
  6058 | D:8      | Found a blossoming altar of Fedhas.
  6139 | D:9      | Noticed a centaur warrior
  6141 | D:9      | Noticed Gastronok
  6149 | D:9      | Killed a centaur warrior
  6149 | D:9      | Reached skill level 11 in Axes
  6151 | D:9      | Reached XP level 10. HP: 90/90 MP: 9/9
  6170 | D:9      | Killed Gastronok
  6170 | D:9      | Reached skill level 12 in Axes
  6304 | D:10     | Entered Level 10 of the Dungeon
  6304 | D:10     | Found a staircase to the Lair.
  6442 | D:10     | Reached **** piety under Trog
  6917 | D:10     | Noticed a manticore
  6926 | D:10     | Killed a manticore
  7197 | D:10     | Found a sparkling altar of Nemelex Xobeh.
  7272 | D:11     | Noticed a gargoyle
  7789 | D:11     | Killed a gargoyle
  7797 | D:11     | Noticed a red ugly thing
  7804 | D:11     | Killed a red ugly thing
  7804 | D:11     | Reached skill level 13 in Axes
  7804 | D:11     | Reached XP level 11. HP: 76/99 MP: 10/10
  8392 | D:11     | Reached skill level 10 in Fighting
  8951 | D:12     | Noticed a two-headed ogre
  8959 | D:12     | Killed a two-headed ogre
  9260 | D:12     | Reached skill level 10 in Armour
  9260 | D:12     | Received a gift from Trog
  9270 | D:12     | Noticed a six-headed hydra
  9280 | D:12     | HP: 1/101 [ten-headed hydra (6)]
  9280 | D:12     | Slain by a ten-headed hydra

Skill      XL: |  1  2  3  4  5  6  7  8  9 10 11 |
---------------+----------------------------------+-----
Axes           | 4 5 6 8 9 11 13 | 13.8
Fighting       | 4 5 6 7 8 9 10 | 10.4
Armour         | 3 4 5 6 8 9 10 | 10.1
Dodging        | 3 4 5 6 7 8 9 |  9.2

Action                   |  1- 3 |  4- 6 |  7- 9 | 10-12 || total
-------------------------+-------+-------+-------+-------++-------
Melee: Hand axe          |    85 |   163 |   129 |       ||   377
       Headbutt          |    11 |    23 |    44 |    42 ||   120
       Battleaxe         |       |       |    42 |   152 ||   194
Invok: Trog's Hand       |       |     3 |       |       ||     3
       Berserk           |       |     5 |     7 |     3 ||    15
       Brothers in Arms  |       |       |       |     1 ||     1
 Stab: Distracted        |       |       |       |     1 ||     1
  Eat: Chunk             |     1 |     1 |     8 |     1 ||    11
       Ration            |       |     4 |     2 |     6 ||    12
Armor: Chain mail        |    57 |    76 |   117 |   130 ||   380
       Animal skin       |     8 |       |       |       ||     8
Dodge: Dodged            |    60 |    74 |    88 |   170 ||   392
